 Dungeon Crawl Stone Soup version 0.26.1 (webtiles) character file.

Game seed: 2473011199551049690

48 Gadfly the Cudgeller (level 3, 0/36 HPs)
             Began as an Ogre Gladiator on Feb 7, 2021.
             Slain by Terence
             ... wielding a +2 flail of protection
              (4 damage)
             ... on level 2 of the Dungeon.
             The game lasted 00:01:20 (1309 turns).

Gadfly the Cudgeller (Ogre Gladiator)               Turns: 1309, Time: 00:01:21

Health: 0/36       AC:  4    Str: 19    XL:     3   Next: 72%
Magic:  4/4        EV: 10    Int:  9    God:
Gold:   95         SH:  0    Dex: 10    Spells: 2/2 levels left

rFire    . . .     SeeInvis .   a - +0 flail
rCold    . . .     Faith    .   (no shield)
rNeg     + . .     Spirit   .   b - +0 robe
rPois    .         Reflect  .   c - +1 hat
rElec    .         Harm     .   (no cloak)
rCorr    .         Rampage  .   (gloves unavailable)
Will     .....                  (boots unavailable)
Stlth    +.........             (no amulet)
HPRegen  0.12/turn              (no ring)
MPRegen  0.09/turn              j - ring of positive energy

@: no status effects
A: large, unfitting armour, tough skin 1
a: no special abilities


You were on level 2 of the Dungeon.
You visited 1 branch of the dungeon, and saw 2 of its levels.

You collected 95 gold pieces.

Inventory:

Hand Weapons
 a - a +0 flail (weapon)
Missiles
 d - 3 throwing nets (quivered)
 g - 83 stones
Armour
 b - a +0 robe (worn)
 c - a +1 hat (worn)
Jewellery
 j - a ring of positive energy (right hand)
Scrolls
 i - a scroll of identify
 k - a scroll of fog
 l - a scroll of noise {unknown}
Potions
 e - a potion of attraction
 f - a potion of curing
 h - a potion of flight


   Skills:
 - Level 2.6 Fighting
 + Level 2.8 Maces & Flails
 + Level 2.2 Throwing
 * Level 1.1 Armour
 - Level 2.6 Dodging
 * Level 1.5 Invocations
 * Level 1.1 Evocations


You had 2 spell levels left.
You didn't know any spells.
Your spell library was empty.

Dungeon Overview and Level Annotations

Branches:
Dungeon (2/15)

Altars:

Annotations:
D:2 Terence


Innate Abilities, Weirdness & Mutations

You are too large for most types of armour.
You have tough skin. (AC +1)


Message History

The bat hits you. Terence hits you but does no damage.
You hit Terence but do no damage.
Terence is severely wounded.
Terence hits you with a +2 flail of protection.
Terence hits you but does no damage.
You hit Terence but do no damage.
Terence is severely wounded.
Terence bares his teeth.
Terence hits you with a +2 flail of protection!
* * * LOW HITPOINT WARNING * * *
Terence misses you.
Throw: 4 throwing nets
Press: ? - help, Q - select action, (/) - cycle Shift-Dir - straight line, f/p - Terence
Aim: Terence, wielding a +2 flail of protection and wearing a +0 chain mail (severely wounded, fast, 65% to hit)
You throw a throwing net.
The throwing net closely misses Terence.
The throwing net closely misses the bat.
The bat closely misses you.
Terence hits you with a +2 flail of protection.
You die...

#.# #### ##..### # # ..
#.....##.....# #.#.#.##
##.............. #.#.
..# #...............
#...##.#
#...............
#...#[###...............
#....(.##...............
#.##.#@b#...............
#.##@.†..............
#.###................
#(# ##.#.....##.....#
#.# #..############# #.#
##.# ####.... #.# #.#
#....... #.#
#.######.#...##
#....##....###
####.##..###


You could see Terence (fast) and a bat.

Vanquished Creatures
  An adder (D:2)
  An ooze (D:1)
  A worm (D:2)
  2 dart slugs (D:1)
  A leopard gecko (D:2)
  6 bats (D:1)
  3 giant cockroaches (D:1)
  4 goblins (D:1)
  4 kobolds
  A rat (D:1)
24 creatures vanquished.

Notes
Turn   | Place    | Note
-------+----------+-------------------------------------------
     0 | D:1      | Gadfly the Ogre Gladiator began the quest for the Orb.
     0 | D:1      | Reached XP level 1. HP: 22/22 MP: 1/1
   133 | D:1      | Reached XP level 2. HP: 28/29 MP: 2/2
   279 | D:1      | Reached skill level 1 in Invocations
   444 | D:1      | Reached XP level 3. HP: 36/36 MP: 3/3
   515 | D:1      | Reached skill level 1 in Evocations
  1073 | D:2      | Reached skill level 1 in Armour
  1291 | D:2      | Noticed Terence
  1309 | D:2      | Slain by Terence

Illustrated notes

Levels and vault maps discovered:
D:1:      psy_arrival_whirlpool, layout_basic
D:2:      layout_rooms, overflow_temple_1_default, uniq_terence

Skill      XL: |  1  2  3 |
---------------+----------+-----
Invocations    | 1 |  1.5
Evocations     | 1 |  1.1
Armour         | 1 |  1.1
Fighting       | |  2.6
Maces & Flails | |  2.8
Throwing       | |  2.2
Dodging        | |  2.6

Action                   || total
-------------------------++-------
Melee: Flail             ||    82
Throw: Stone             ||    12
       Throwing net      ||     1
  Use: Scroll            ||     5
       Potion            ||     1
Armor: Robe              ||    39
Dodge: Dodged            ||    50
